 Dungeon Sprint DCSS version 0.28.0-43-g3370ac3207 (webtiles) character file.

Game seed: 9504559220351381999

4099 boopmooplesden the Severer (level 10, -2/110 HPs)
             Began as a Minotaur Berserker on Mar 11, 2022.
             Was a High Priest of Trog.
             Slain by a boulder beetle (9 damage)
             ... in the Dungeon (Sprint II: "The Violet Keep of Menkaure").
             The game lasted 00:03:20 (1069 turns).

boopmooplesden the Severer (Minotaur Berserker)     Turns: 1069, Time: 00:03:21

Health: -2/110     AC: 28    Str: 21    XL:     10   Next: 6%
Magic:  9/9        EV: 11    Int:  8    God:    Trog [*****.]
Gold:   735        SH:  0    Dex: 14    Spells: 9/9 levels left

rFire   . . .      SeeInvis .   a - +0 hand axe
rCold   . . .      Faith    .   (no shield)
rNeg    . . .      Spirit   .   j - +6 chain mail "Dexysown" {+Inv Dex+4 Slay+6}
rPois   .          Reflect  .   i - +1 hat
rElec   .          Harm     .   q - +0 cloak
rCorr   .          Rampage  .   k - +5 pair of gloves of Vexation {Regen+ Str-5 Int+4 Stlth-}
Will    .....      NoTele   +   s - +0 pair of boots
Stlth   ..........              (no amulet)
HPRegen 1.08/turn               (no ring)
MPRegen 0.11/turn               (no ring)

@: on berserk cooldown, slowed, very slow
A: horns 2, retaliatory headbutt
a: Renounce Religion, Evoke Invisibility, Berserk, Trog's Hand, Brothers in Arms


You were in the Dungeon.
You worshipped Trog.
Trog was extremely pleased with you.
You visited 1 branch You collected 1384 gold pieces.
You spent 649 gold pieces at shops.

Inventory:

Hand Weapons
 a - a +0 hand axe (weapon)
Missiles
 r - 4 silver boomerangs (quivered)
Armour
 b - a +0 animal skin
 i - a +1 hat (worn)
 j - the +6 chain mail "Dexysown" (worn) {+Inv Dex+4 Slay+6}
   (You bought it in a shop in the Dungeon)

   Dex:       It affects your dexterity (+4).
   Slay:      It affects your accuracy & damage with ranged weapons and melee
   (+6).
   +Inv:      It lets you turn invisible.
 k - the +5 pair of gloves of Vexation (worn) {Regen+ Str-5 Int+4 Stlth-}
   (You bought it in a shop in the Dungeon)

   Str:       It affects your strength (-5).
   Int:       It affects your intelligence (+4).
   Regen:     It increases your rate of health regeneration.
   Stlth:     It makes you less stealthy.
 q - a +0 cloak (worn)
 s - a +0 pair of boots (worn)
 u - a scarf of shadows
 w - a +2 pair of gloves
Jewellery
 p - a +6 ring of dexterity
Scrolls
 h - a scroll of blinking
 l - 2 scrolls of identify {unknown}
 n - a scroll of amnesia {unknown}
 t - a scroll of brand weapon {unknown}
 v - a scroll of magic mapping {unknown}
Potions
 c - 2 potions of curing
 d - 2 potions of heal wounds
 e - 2 potions of haste
 f - 5 potions of magic
 g - 2 potions of berserk rage
 m - 3 potions of resistance {unknown}
 o - 4 potions of flight {unknown}


   Skills:
 + Level 16.8 Fighting
 + Level 18.0 Axes
 + Level 10.7 Armour
 + Level 8.8 Dodging
 + Level 1.1 Stealth


You had 9 spell levels left.
You didn't know any spells.
Your spell library was empty.

Dungeon Overview and Level Annotations

Branches:
Dungeon (1/1)

Altars:
Cheibriados
Dithmenos
Elyvilon
Fedhas
Gozag
Hepliaklqana
Kikubaaqudgha
Makhleb
Nemelex Xobeh
Okawaru
Qazlal
Ru
Sif Muna
Trog
Uskayaw
Vehumet
Wu Jian
Xom
Yredelemnul
Zin
The Shining One
Beogh
Jiyva
Lugonu

Shops:
D (::?[[==(!!=![!

Annotations:
D exclusion: oklob plant


Innate Abilities, Weirdness & Mutations

You have a pair of horns on your head.
You reflexively headbutt those who attack you in melee.


Message History

You headbutt the boulder beetle, but do no damage.
The boulder beetle is almost dead.
The boulder beetle leaps!
The boulder beetle curls into a ball and begins rolling!
You feel a strong urge to attack something.
You are no longer berserk.
You are exhausted.
You feel yourself slow down. The boulder beetle closely misses you.
The boulder beetle stops rolling and uncurls.
The boulder beetle bites you.
A boulder beetle is nearby!
Your unstable footing causes you to fumble your attack.
The boulder beetle bites you but does no damage.
You hit the boulder beetle.
The boulder beetle is almost dead.
Your unstable footing causes you to fumble your attack.
The boulder beetle bites you but does no damage.
You hit the boulder beetle.
The boulder beetle is almost dead.
The boulder beetle barely misses you.
Your unstable footing causes you to fumble your attack.
The boulder beetle bites you.
You hit the boulder beetle but do no damage.
The boulder beetle is almost dead.
The boulder beetle bites you!!
You hit the boulder beetle but do no damage.
The boulder beetle is almost dead.
The boulder beetle bites you!!
You barely miss the boulder beetle.
The boulder beetle is almost dead.
The boulder beetle leaps!
The boulder beetle curls into a ball and begins rolling!
The boulder beetle hits you!!!
* * * LOW HITPOINT WARNING * * *
The boulder beetle stops rolling and uncurls.
The boulder beetle bites you.
* * * LOW HITPOINT WARNING * * *
Your unstable footing causes you to fumble your attack.
The boulder beetle bites you!
You die...

#..#††#▓.(.[(..(▓▓
###^.##.#▓)[.)...[▓▓
.###...##▓▓▓▓▓▓▓'▓▓▓▓+▓
...≈≈≈≈≈≈≈÷≈≈≈≈≈..w≈≈≈▓
..§§#+########'###wXw≈▓
≈..≈#.._._._.#§§§##≈≈≈▓
≈≈§≈#._._._..#≈§≈§####▓▓
≈≈≈≈#_._._._.#§§B≈§##..#
≈≈≈≈#._._._._#≈≈@≈≈≈#..#
≈≈≈≈#.._._._.#§§≈§≈≈[§.+
##§§#..._._._#§§§≈≈≈#§.#
#§≈#...._._.#§§§§≈≈▓..#
+#≈≈#....._._#≈≈≈≈▓▓▓▓▓▓
≈≈§≈##########≈≈≈§▓zzz
#####≈≈≈§≈≈≈≈≈§≈≈≈▓zzz≈
SS###≈########≈▓▓▓▓▓▓▓▓
≈SS##≈# #▓▓


You could see a boulder beetle.

Vanquished Creatures
  A boulder beetle (D)
  2 deep trolls (D)
  A merfolk siren (D)
  A yaktaur (D)
  3 polar bears (D)
  A hornet (D)
  Menkaure (D)
  3 water moccasins (D)
  4 necrophages (D)
  5 scorpions (D)
22 creatures vanquished.

Vanquished Creatures (others)
  A water moccasin (D)
  16 tentacles (D)
17 creatures vanquished.

Grand Total: 39 creatures vanquished

Notes
Turn   | Place    | Note
-------+----------+-------------------------------------------
     0 | D        | boopmooplesden the Minotaur Berserker began the quest for
                  | the Orb.
     0 | D        | Reached XP level 1. HP: 19/19 MP: 0/0
     1 | D        | Noticed a scorpion
     1 | D        | Noticed a scorpion
     1 | D        | Noticed a scorpion
     1 | D        | Noticed a scorpion
     4 | D        | Killed a scorpion
     5 | D        | Reached skill level 6 in Axes
     5 | D        | Reached XP level 2. HP: 31/31 MP: 1/1
     5 | D        | Reached XP level 3. HP: 38/38 MP: 2/2
     5 | D        | Killed a scorpion
     6 | D        | Reached skill level 8 in Axes
     6 | D        | Reached XP level 4. HP: 48/48 MP: 3/3
     8 | D        | Killed a scorpion
     8 | D        | Reached ** piety under Trog
     9 | D        | Reached skill level 9 in Axes
     9 | D        | Reached XP level 5. HP: 57/57 MP: 4/4
   101 | D        | Killed a water moccasin
   150 | D        | Noticed a boulder beetle
   150 | D        | Noticed a boulder beetle
   154 | D        | Noticed a necrophage
   154 | D        | Noticed a necrophage
   154 | D        | Noticed a necrophage
   154 | D        | Noticed a necrophage
   158 | D        | Killed a necrophage
   159 | D        | Reached skill level 10 in Fighting
   159 | D        | Reached skill level 10 in Axes
   159 | D        | Reached skill level 5 in Armour
   159 | D        | Reached skill level 5 in Dodging
   159 | D        | Reached XP level 6. HP: 67/67 MP: 5/5
   165 | D        | Reached skill level 11 in Axes
   168 | D        | Reached *** piety under Trog
   169 | D        | Reached skill level 12 in Axes
   170 | D        | Reached XP level 7. HP: 77/77 MP: 6/6
   179 | D        | Noticed a merfolk siren
   191 | D        | Killed a merfolk siren
   192 | D        | Reached skill level 13 in Axes
   196 | D        | Found Xousey's Distillery.
   196 | D        | Found Akhlolen's Antique Armour Shoppe.
   196 | D        | Found Satablol's Distillery.
   196 | D        | Found Yxi Bit's Jewellery Emporium.
   196 | D        | Found Kottyt's Distillery.
   198 | D        | Found Asayz's Antique Weapon Shoppe.
   198 | D        | Found Yhum's Jewellery Emporium.
   199 | D        | Found Guujeli's Jewellery Shoppe.
   199 | D        | Found Bisin's Distillery.
   199 | D        | Found Caeraumo's Antique Armour Emporium.
   199 | D        | Noticed Menkaure
   199 | D        | Noticed a slime creature
   199 | D        | Noticed a slime creature
   215 | D        | Killed Menkaure
   215 | D        | Reached **** piety under Trog
   216 | D        | Reached skill level 14 in Axes
   216 | D        | Reached XP level 8. HP: 24/86 MP: 7/7
   414 | D        | Found Qibist's Antique Armour Shoppe.
   414 | D        | Found Viod's Magic Scroll Emporium.
   414 | D        | Noticed a slime creature
   414 | D        | Noticed an oklob plant
   415 | D        | Found Doxkaf's Antique Weapon Emporium.
   415 | D        | Found Datuk's Book Shoppe.
   415 | D        | Found Fuq Pav's Book Shoppe.
   417 | D        | Bought a runed hat for 175 gold pieces
   428 | D        | Bought an ancient chain mail for 237 gold pieces
   428 | D        | Identified the +6 chain mail "Dexysown" {+Inv Dex+4 Slay+6}
                  | (You bought it in a shop in the Dungeon)
   428 | D        | Bought a pair of faintly glowing gloves for 237 gold pieces
   428 | D        | Identified the +5 pair of gloves of Vexation {Regen+ Str-5
                  | Int+4 Stlth-} (You bought it in a shop in the Dungeon)
   444 | D        | Noticed a cane toad
   445 | D        | Noticed a cane toad
   445 | D        | Noticed a flying skull
   592 | D        | Killed a boulder beetle
   593 | D        | Reached skill level 15 in Axes
   631 | D        | Found a hazy altar of Hepliaklqana.
   631 | D        | Found a snail-covered altar of Cheibriados.
   632 | D        | Found a stormy altar of Qazlal.
   632 | D        | Found a viscous altar of Jiyva.
   632 | D        | Found a shadowy altar of Dithmenos.
   633 | D        | Found a sacrificial altar of Ru.
   633 | D        | Found an ancient bone altar of Kikubaaqudgha.
   633 | D        | Found a white marble altar of Elyvilon.
   634 | D        | Found an ornate altar of the Wu Jian Council.
   634 | D        | Found a shimmering blue altar of Sif Muna.
   634 | D        | Found a corrupted altar of Lugonu.
   635 | D        | Found a shimmering altar of Xom.
   635 | D        | Found a bloodstained altar of Trog.
   635 | D        | Found a burning altar of Makhleb.
   636 | D        | Found a glowing golden altar of the Shining One.
   636 | D        | Found a basalt altar of Yredelemnul.
   636 | D        | Found a hide-covered altar of Uskayaw.
   637 | D        | Found a glowing silver altar of Zin.
   638 | D        | Noticed a yaktaur
   638 | D        | Noticed a hornet
   638 | D        | Noticed a polar bear
   638 | D        | Noticed a polar bear
   647 | D        | Killed a polar bear
   648 | D        | Noticed a polar bear
   652 | D        | Killed a polar bear
   653 | D        | Reached skill level 15 in Fighting
   653 | D        | Reached skill level 16 in Axes
   653 | D        | Reached XP level 9. HP: 97/97 MP: 8/8
   661 | D        | Killed a yaktaur
   661 | D        | Reached ***** piety under Trog
   661 | D        | Killed a polar bear
   662 | D        | Reached skill level 17 in Axes
   697 | D        | Found a radiant altar of Vehumet.
   703 | D        | Noticed a kraken
   914 | D        | Found a sparkling altar of Nemelex Xobeh.
   914 | D        | Found a blossoming altar of Fedhas.
   915 | D        | Found an iron altar of Okawaru.
   915 | D        | Found an opulent altar of Gozag.
   922 | D        | Noticed a deep troll
   933 | D        | Killed a deep troll
   934 | D        | Reached skill level 10 in Armour
   934 | D        | Reached skill level 1 in Stealth
   934 | D        | Noticed a deep troll
   948 | D        | Killed a deep troll
   949 | D        | Reached skill level 18 in Axes
   949 | D        | Reached XP level 10. HP: 49/110 MP: 9/9
  1069 | D        | Slain by a boulder beetle

Illustrated notes

Levels and vault maps discovered:
D:        the_violet_keep_of_menkaure [sprint2_stairs_cluster_1,
          sprint2_shoproom, sprint2_temple, sprint2_basic_supplies,
          sprint2_obstacle_4, sprint2_obstacle_7, sprint2_obstacle_3,
          sprint2_obstacle_1, sprint2_obstacle_5, sprint2_timed_cluster_1,
          sprint2_smallroom_cluster_1, sprint2_smallroom_final_cluster_1,
          sprint2_transparent_cluster_1, sprint2_second_timed_cluster_1,
          sprint2_sniper_area_1, sprint2_heavy_combat_area_1,
          sprint2_mutation_trap_area_1, sprint2_forest_area_1,
          sprint2_light_combat_area_1, sprint2_behind_water_1,
          sprint2_near_end_vault_1]

Skill      XL: |  1  2  3  4  5  6  7  8  9 |
---------------+----------------------------+-----
Fighting       | 6 8 9 10 12 13 15 16 | 16.8
Axes           | 6 8 9 10 12 14 16 18 | 18.0
Armour         | 3 4 5 6 8 10 | 10.7
Dodging        | 3 4 5 6 7 8 |  8.8
Stealth        | 1 |  1.1

Action                   |  1- 3 |  4- 6 |  7- 9 | 10-12 || total
-------------------------+-------+-------+-------+-------++-------
Melee: Hand axe          |     3 |    18 |   102 |    20 ||   143
       Headbutt          |     1 |     5 |    16 |     5 ||    27
Invok: Berserk           |     1 |     1 |     3 |     1 ||     6
Armor: Animal skin       |       |     5 |       |       ||     5
       Chain mail        |       |       |    57 |     5 ||    62
Dodge: Dodged            |     1 |     5 |    51 |     3 ||    60
